 Dungeon Crawl Stone Soup version 0.21-a0-509-gecc5317 (webtiles) character file.

100 slep the Chopper (level 4, -2/38 HPs)
             Began as a Minotaur Gladiator on Dec 1, 2017.
             Slain by a gnoll
             ... wielding a +0 spear
              (7 damage)
             ... on level 2 of the Dungeon.
             The game lasted 00:02:53 (1348 turns).

slep the Chopper (Minotaur Gladiator)               Turns: 1348, Time: 00:02:54

Health: -2/38      AC:  3    Str: 19    XL:     4   Next: 47%
Magic:  3/3        EV: 12    Int:  5    God:
Gold:   58         SH:  3    Dex: 12    Spells: 3/3 levels left

rFire    . . .     SeeInvis .   a - +0 war axe
rCold    . . .     Gourm    .   j - +0 buckler
rNeg     . . .     Faith    .   b - +0 leather armour
rPois    .         Spirit   .   c - +0 hat
rElec    .         Reflect  .   (no cloak)
rCorr    .         Harm     .   (no gloves)
MR       .....                  (no boots)
Stlth    +.........             (no amulet)
HPRegen  0.12/turn              (no ring)
MPRegen  0.08/turn              (no ring)

@: no status effects
A: retaliatory headbutt, horns 2
a: no special abilities


You were on level 2 of the Dungeon.
You were not hungry.

You visited 1 branch of the dungeon, and saw 2 of its levels.

You collected 58 gold pieces.

Inventory:

Hand Weapons
 a - a +0 war axe (weapon)
Missiles
 d - 4 throwing nets (quivered)
Armour
 b - a +0 leather armour (worn)
 c - a +0 hat (worn)
 j - a +0 buckler (worn)
Scrolls
 g - a scroll of remove curse {unknown}
 i - a scroll of amnesia {unknown}
Potions
 e - 2 potions of ambrosia {unknown}
Comestibles
 f - a bread ration
 h - a meat ration
 l - 2 fruits


   Skills:
 + Level 3.0 Fighting
 + Level 4.9 Axes
 + Level 2.0 Throwing
 + Level 1.8 Armour
 + Level 4.0 Dodging
 + Level 0.6 Stealth


You had 3 spell levels left.
You didn't know any spells.

Dungeon Overview and Level Annotations

Branches:
Dungeon (2/15)

Altars:


Innate Abilities, Weirdness & Mutations

You reflexively headbutt those who attack you in melee.
You have a pair of horns on your head.


Message History

The gnoll hits you with a spear! The gnoll closely misses you. x2
You furiously retaliate!
You headbutt the gnoll! You closely miss the gnoll.
The gnoll is heavily wounded.
You closely miss the gnoll. The gnoll hits you but does no damage.
The gnoll closely misses you. You block the gnoll's attack.
You slash the gnoll!
You kill the gnoll!
You hit the gnoll.
You kill the gnoll!
Your Fighting skill increases to level 3!
The gnoll hits you from afar with a spear.
You closely miss the gnoll shaman. The gnoll misses you.
The gnoll shaman misses you. You block the gnoll's attack.
The gnoll shaman hits you with a club!
* * * LOW HITPOINT WARNING * * *
Things that are here:
a spear; a gnoll corpse The gnoll hits you with a spear!
You die...

..........#.........##
..........############
..........# #.......#
######### .........>#
#.......+ ggg...g..
........### #.......#
######### ........#
#.......# # ........#
#.......# # ........#
#.......# #
........######..@....##
#
........#<.....)gg....#
#
#####.#########.#####.#
# #.# #.# #.# #
#.#########.# #.# #
#...........# #.# #
############# #.# # #.#
# #.###########


You could see a gnoll shaman and a gnoll.

Vanquished Creatures
  An adder (D:2)
  5 gnolls (D:2)
  A worm (D:2)
  3 leopard geckos (D:1)
  4 bats
  A giant cockroach (D:2)
  3 goblins
  5 hobgoblins
  7 jackals (D:2)
  2 ball pythons
  2 frilled lizards (D:1)
  2 kobolds
36 creatures vanquished.

Notes
Turn   | Place    | Note
-------+----------+-------------------------------------------
     0 | D:1      | slep the Minotaur Gladiator began the quest for the Orb.
     0 | D:1      | Reached XP level 1. HP: 18/18 MP: 0/0
   122 | D:1      | Reached XP level 2. HP: 18/25 MP: 1/1
  1001 | D:2      | Reached XP level 3. HP: 18/30 MP: 2/2
  1014 | D:2      | Reached skill level 1 in Armour
  1050 | D:2      | Reached XP level 4. HP: 13/37 MP: 3/3
  1348 | D:2      | Slain by a gnoll

Vault maps used:
D:1:      dpeg_arrival_simpleton_c, minivault_11
D:2:      kennysheep_generic_room_14

Skill      XL: |  1  2  3  4 |
---------------+-------------+-----
Axes           | 4 |  4.9
Armour         | 1 |  1.8
Dodging        | 4 |  4.0
Fighting       | 3 |  3.0
Throwing       | |  2.0
Stealth        | |  0.6

Action                   |  1- 3 |  4- 6 || total
-------------------------+-------+-------++-------
Melee: War axe           |    64 |    11 ||    75
       Headbutt          |    11 |     2 ||    13
 Stab: Sleeping          |       |     1 ||     1
  Eat: Chunk             |       |     1 ||     1
Armor: Leather armour    |    12 |     6 ||    18
Dodge: Dodged            |    62 |    10 ||    72
Block: Buckler           |     4 |     3 ||     7

Table legend:
 A = Spawn XP
 B = Non-spawn XP
 C = Spawn XP percentage of total XP
 D = Spawn monster count
 E = Non-spawn monster count
 F = Spawn count percentage of total count
 G = Total turns spent on level
                    A         B        C        D         E        F      G
               +---------+---------+-------+---------+---------+-------+---------
         Total |       0 |     144 |   0.0 |       0 |      36 |   0.0 |  1348
               +---------+---------+-------+---------+---------+-------+---------
           D:1 |       0 |      25 |   0.0 |       0 |      13 |   0.0 |   787
           D:2 |       0 |     119 |   0.0 |       0 |      23 |   0.0 |   561
               +---------+---------+-------+---------+---------+-------+---------
